 Dungeon Crawl Stone Soup version 0.26-a0-154-g3d63440f56 (console) character file.

Game seed: 7051617175462067632

25 bli the Insei (level 2, -5/21 HPs)
             Began as a Demonspawn Transmuter on June 30, 2020.
             Slain by Natasha (7 damage)
             ... on level 3 of the Dungeon.
             The game lasted 00:02:13 (965 turns).

bli the Insei (Demonspawn Transmuter)                Turns: 965, Time: 00:02:14

Health: -5/21      AC:  2    Str:  7 (10) XL:     2   Next: 82%
Magic:  5/5        EV: 12    Int: 12 (14) God:
Gold:   45         SH:  0    Dex: 10 (13) Spells: 2/5 levels left

rFire    . . .     SeeInvis .     - Unarmed
rCold    . . .     Faith    .   (no shield)
rNeg     . . .     Spirit   .   b - +0 robe
rPois    .         Reflect  .   (no helmet)
rElec    .         Harm     .   (no cloak)
rCorr    .                      (no gloves)
MR       .....                  (no boots)
Stlth    +.........             (no amulet)
HPRegen  0.07/turn              (no ring)
MPRegen  0.09/turn              (no ring)

@: lethally poisoned (-5 -> -8)
A: talons 1
a: no special abilities


You were on level 3 of the Dungeon.
You were not hungry.

You visited 1 branch of the dungeon, and saw 3 of its levels.

You collected 45 gold pieces.

Inventory:

Missiles
 a - 12 arrows
 l - 15 poisoned darts (quivered)
Armour
 b - a +0 robe (worn)
 g - a +3 ring mail
 k - a +0 leather armour
Scrolls
 c - 3 scrolls of identify {unknown}
 f - a scroll of immolation {unknown}
 j - a scroll of remove curse {unknown}
Potions
 e - a potion of flight {unknown}
 h - a potion of mutation {unknown}
Comestibles
 d - 4 rations


   Skills:
 + Level 1.0 Fighting
 + Level 2.2 Dodging
 + Level 3.1 Unarmed Combat
 + Level 2.0 Spellcasting
 * Level 2.2 Transmutations


You had 2 spell levels left.
You knew the following spells:

 Your Spells              Type           Power        Failure   Level  Hunger
a - Beastly Appendage     Tmut           #.....       11%         1    ##.....
b - Sticks to Snakes      Tmut           #.......     17%         2    ###....

Your spell library contained the following spells:

 Spells                   Type           Power        Failure   Level  Hunger
 Spider Form              Tmut/Pois      #.........   45%         3    ####...
 Ice Form                 Ice/Tmut       #.......     86%         4    #####..
 Blade Hands              Tmut           #.........   97%         5    ######.


Dungeon Overview and Level Annotations

Branches:
Dungeon (3/15)

Altars:

Annotations:
D:3 Natasha


Innate Abilities, Weirdness & Mutations

You have sharp toenails.


Message History

Your horns disappear.
Found an escape hatch in the floor.
An adder and Natasha come into view.
The jackal barely misses you.
The jackal bites you but does no damage.
The bat closely misses you.
You feel sick.
Natasha hisses angrily.
The bat hits you but does no damage. Natasha claws you.
* * * LOW HITPOINT WARNING * * *
The kobold shouts!
The bat hits you but does no damage.
The jackal bites you but does no damage.
It was a potion of degeneration.
There was something very wrong with that liquid.
You feel weakened.
You feel dopey.
You feel clumsy. The bat hits you but does no damage. The jackal bites you.
* * * LOW HITPOINT WARNING * * *
Natasha claws you!
You die...

#... # #... .#
..... ###. .
..... ... ..
...... .. ...
......##. ....
......S.# .....
##h#b..>#.
#h@.K.....
#..#......
................
.......###..w...
....... ......
......# #....
..#... #... #
.... .. ...##


You could see a worm, Natasha, an adder, a jackal, a bat and a kobold.

Vanquished Creatures
  An adder (D:2)
  A dart slug (D:1)
  A leopard gecko (D:1)
  A giant cockroach (D:1)
  2 hobgoblins (D:1)
  A jackal (D:2)
  A kobold (D:1)
  2 bats
  2 rats (D:1)
12 creatures vanquished.

Notes
Turn   | Place    | Note
-------+----------+-------------------------------------------
     0 | D:1      | bli the Demonspawn Transmuter began the quest for the Orb.
     0 | D:1      | Reached XP level 1. HP: 15/15 MP: 3/3
   727 | D:1      | Gained mutation: You have sharp toenails. [demonic
                  | ancestry]
   727 | D:1      | Reached XP level 2. HP: 21/21 MP: 3/5
   730 | D:1      | Reached skill level 3 in Unarmed Combat
   734 | D:1      | Learned a level 2 spell: Sticks to Snakes
   962 | D:3      | Noticed Natasha
   965 | D:3      | Slain by Natasha

Illustrated notes

Levels and vault maps discovered:
D:1:      ncdulo_watergridlock, layout_loops_corners, minmay_misc_feat_doors
D:2:      layout_basic, cheibrodos_gnoll_hut, uniq_terence
D:3:      layout_rooms, uniq_natasha

Skill      XL: |  1  2 |
---------------+-------+-----
Dodging        | 2 |  2.2
Unarmed Combat | 3 |  3.1
Transmutations | 2 |  2.2
Fighting       | |  1.0
Spellcasting   | |  2.0

Action                   || total
-------------------------++-------
Melee: Unarmed           ||    41
       Headbutt          ||     3
       Kick              ||     5
Throw: Dart              ||     1
 Cast: Beastly Appendage ||     8
  Use: Potion            ||     1
Armor: Robe              ||    15
Dodge: Dodged            ||    34

Table legend:
 A = Non-vault XP
 B = Vault XP
 C = Vault XP percentage of total XP
 D = Non-vault monster count
 E = Vault monster count
 F = Vault count percentage of total count
                 A         B        C        D         E       F
            +---------+---------+-------+---------+---------+-------
      Total |      36 |       0 |   0.0 |      12 |       0 |   0.0
            +---------+---------+-------+---------+---------+-------
        D:1 |      18 |       0 |   0.0 |       9 |       0 |   0.0
        D:2 |      18 |       0 |   0.0 |       3 |       0 |   0.0
            +---------+---------+-------+---------+---------+-------
